 Dungeon Crawl Stone Soup version 0.18-a0-750-g37044d6 (webtiles) character file.

3715 homeworkjunkie the Cleaver (level 10, -4/86 HPs)
             Began as a Hill Orc Fighter on Dec 12, 2015.
             Was an Initiate of Okawaru.
             Slain by a slime creature (7 damage)
             ... on level 8 of the Dungeon.
             The game lasted 00:22:19 (9336 turns).

homeworkjunkie the Cleaver (Hill Orc Fighter)       Turns: 9336, Time: 00:22:19

Health: -4/86      AC: 24    Str: 23    XL:     10   Next: 14%
Magic:  12/12      EV:  6    Int:  8    God:    Okawaru [......]
Gold:   754        SH: 11    Dex: 10    Spells: 0 memorised, 9 levels left

rFire  + . .     SeeInvis .     a - +1 war axe
rCold  . . .     Clarity  .     f - +0 plate armour
rNeg   . . .     SustAt   .     i - +0 shield {AC+3}
rPois  .         Gourm    .     d - +0 helmet
rElec  .         Spirit   .     o - +2 cloak
rCorr  .         Dismiss  .     j - +2 pair of gloves
rMut   .         Stasis   .     (no boots)
MR     .....                    (no amulet)
Stlth  ..........               (no ring)
                                l - ring of protection from fire

@: exhausted, not resistant to hostile enchantments, extremely unstealthy
A: no striking features
a: Renounce Religion


You were on level 8 of the Dungeon.
You worshipped Okawaru.
Okawaru was noncommittal.
You were very hungry.

You visited 2 branches of the dungeon, and saw 10 of its levels.
You also visited: Bailey.

You collected 803 gold pieces.
You spent 49 gold pieces at shops.

Inventory:

Hand Weapons
 a - a +1 war axe (weapon)
Missiles
 b - 36 tomahawks of returning (quivered)
 w - 5 tomahawks
Armour
 d - a +0 helmet (worn)
 f - a +0 plate armour (worn)
 i - a +0 shield of protection (worn)
 j - a +2 pair of gloves (worn)
 o - a +2 cloak (worn)
Jewellery
 l - a ring of protection from fire (left hand)
Wands
 e - a wand of disintegration (2)
 t - a wand of teleportation (7)
 v - a wand of cold (10)
Scrolls
 g - a scroll of immolation
 k - 3 scrolls of teleportation
 y - a scroll of remove curse
 A - a scroll of fear {unknown}
Potions
 c - 4 potions of heal wounds {unknown}
 h - a potion of beneficial mutation {unknown}
 m - a potion of invisibility {unknown}
 n - 5 potions of flight
 p - 2 potions of poison {unknown}
 r - a potion of degeneration {unknown}
 s - 2 potions of berserk rage
 u - a potion of curing {unknown}
 B - a potion of haste {unknown}
Comestibles
 q - 4 bread rations
 x - a royal jelly
 z - a beef jerky
 C - 3 slices of pizza


   Skills:
 * Level 7.3 Fighting
 * Level 8.9 Axes
 * Level 2.5 Throwing
 * Level 7.2 Armour
 + Level 1.0 Dodging
 * Level 4.3 Stealth
 * Level 8.1 Shields
 * Level 3.6 Evocations


You had 9 spell levels left.
You didn't know any spells.

Dungeon Overview and Level Annotations

Branches:
Dungeon (9/15)             Temple (1/1) D:7            Lair (0/8) D:8
    Orc: D:9-12

Altars:
Cheibriados
Elyvilon
Fedhas
Gozag
Kikubaaqudgha
Makhleb
Nemelex Xobeh
Okawaru
Pakellas
Sif Muna
Trog
Vehumet
Zin
The Shining One

Shops:
D:4 [   D:5 [

Annotations:
D:9 Joseph


Message History

The slime creature is moderately wounded.
You hit the slime creature.
The slime creature is lightly wounded.
The slime creature barely misses you. x3
The slime creature hits you but does no damage.
Unknown command.
You hit the slime creature but do no damage.
The slime creature is lightly wounded.
You hit the slime creature.
The slime creature is moderately wounded.
You block the slime creature's attack.
The slime creature hits you but does no damage. x2
Unknown command.
You hit the slime creature.
The slime creature is moderately wounded.
Your plate armour prevents you from hitting the slime creature.
The slime creature is moderately wounded.
You feel yourself speed up. The slime creature hits you!
You die...

...## #...<..##.# ....#
#.........## ....##
##.........### .....#
##..........# .....##
##........## ......#
###....### .)....##
####.#
.[.....######..J.##
.)..†..........J@.##
#....############..#####
#..### ###.#..### #..#
##.....## #.##
#......####### .##
#............. .*
#........##### #*
*#.........## # *
#........(..#


You could see 2 slime creatures.

Vanquished Creatures
  A slime creature (D:8)
  Sigmund (D:3)
  Eustachio (D:4)
  A yak (D:8)
  A wyvern (D:8)
  A spriggan (D:7)
  Menkaure (D:5)
  Duvessa (D:6)
  A sky beast (D:8)
  A necrophage (D:5)
  4 orc warriors (Bailey)
  A black bear (D:6)
  2 centaurs (D:7)
  2 phantoms
  2 ogres
  3 giant frogs (D:7)
  Dowan (D:6)
  A scorpion (D:8)
  A crimson imp (D:8)
  A centaur zombie (D:6)
  A giant frog zombie (D:8)
  2 hounds
  Crazy Yiuf (D:3)
  3 orc priests
  3 jellies (D:6)
  A centaur skeleton (D:4)
  Terence (D:3)
  An iguana (D:8)
  3 orc wizards
  6 worker ants
  2 hound skeletons
  2 hound zombies
  8 adders
  8 gnolls
  3 shadow imps
  2 oozes
  2 adder skeletons
  2 adder zombies
  5 giant geckos
  25 orcs
  7 bats
  13 goblins
  11 hobgoblins
  11 jackals
  A ball python (D:3)
  5 giant cockroaches
  A giant cockroach zombie (D:5)
  3 giant gecko skeletons
  4 giant newts
  20 kobolds
  7 rats
192 creatures vanquished.

Notes
Turn   | Place    | Note
--------------------------------------------------------------
     0 | D:1      | homeworkjunkie the Hill Orc Fighter began the quest for the Orb.
     0 | D:1      | Reached XP level 1. HP: 19/19 MP: 1/1
    87 | D:2      | Reached XP level 2. HP: 21/27 MP: 2/2
   104 | D:1      | Reached skill level 4 in Fighting
   175 | D:2      | Reached XP level 3. HP: 15/33 MP: 3/3
   582 | D:2      | Reached skill level 1 in Stealth
   986 | D:3      | Reached XP level 4. HP: 36/40 MP: 4/4
  1141 | D:3      | Found a faded altar to an unknown god.
  1204 | D:4      | Noticed Eustachio
  1549 | D:3      | Noticed an ogre
  1558 | D:3      | Killed an ogre
  1558 | D:3      | Reached XP level 5. HP: 13/47 MP: 5/5
  1882 | D:3      | Noticed Terence
  1907 | D:3      | Killed Terence
  2106 | D:3      | Noticed Sigmund
  2136 | D:3      | Killed Sigmund
  2136 | D:3      | Reached skill level 5 in Fighting
  2136 | D:3      | Reached XP level 6. HP: 14/56 MP: 6/6
  2674 | D:4      | Killed Eustachio
  2674 | D:4      | Reached skill level 5 in Armour
  2674 | D:4      | Reached skill level 5 in Shields
  2674 | D:4      | Reached XP level 7. HP: 25/61 MP: 7/7
  2914 | D:4      | Found Fuih's Armour Boutique.
  2979 | D:5      | Entered Level 5 of the Dungeon
  4368 | D:3      | Noticed Crazy Yiuf
  4376 | D:3      | Killed Crazy Yiuf
  4794 | D:4      | Reached skill level 5 in Axes
  4822 | D:4      | Bought a +0 helmet for 49 gold pieces
  5091 | D:4      | Reached skill level 6 in Shields
  5225 | D:4      | Reached XP level 8. HP: 67/69 MP: 8/8
  5399 | D:8      | Found a staircase to the Lair.
  5425 | D:8      | Reached skill level 1 in Evocations
  5500 | D:8      | Found a flagged portal.
  5514 | Bailey   | Entered a bailey
  5931 | Bailey   | Reached skill level 7 in Axes
  5931 | Bailey   | Reached skill level 1 in Throwing
  6265 | D:8      | Reached XP level 9. HP: 75/75 MP: 10/10
  6413 | D:5      | Noticed Menkaure
  6421 | D:5      | Killed Menkaure
  6843 | D:5      | Found an opulent altar of Gozag.
  6847 | D:5      | Found a glowing golden altar of the Shining One.
  6920 | D:5      | Found Ecran's Antique Armour Shop.
  7646 | D:6      | Reached skill level 8 in Axes
  7679 | D:6      | Noticed Duvessa
  7680 | D:6      | Noticed Dowan
  7687 | D:6      | Killed Duvessa
  7697 | D:6      | Killed Dowan
  8888 | D:7      | Found a staircase to the Ecumenical Temple.
  9064 | Temple   | Entered the Ecumenical Temple
  9107 | Temple   | Became a worshipper of Warmaster Okawaru
  9144 | D:9      | Noticed Joseph
  9158 | D:8      | Reached skill level 1 in Dodging
  9158 | D:8      | Reached XP level 10. HP: 78/86 MP: 12/12
  9319 | D:8      | HP: 1/86 [slime creature (7)]
  9332 | D:8      | HP: 1/86 [slime creature (5)]
  9336 | D:8      | Slain by a slime creature

Vault maps used:
D:1:      tarquinn_simple_flora_water_c
D:3:      ecumenical_altar_2, uniq_crazy_yiuf_cottage, uniq_terence,
          uniq_sigmund
D:4:      serial_shops, nicolae_shop_behind_doors, uniq_eustachio
D:5:      minitemple, serial_shops, nicolae_shop_overgrown_old_shop,
          first_bread, serial_bayou_ford_a, lemuel_flame_loot_1, uniq_menkaure
D:6:      uniq_duvessa
D:7:      minmay_temple_entry_from_below_a, the_bakery
D:8:      lair_0_dummy, enter_bailey_3
D:9:      serial_undead, serial_undead_a, serial_undead_e, serial_undead_e,
          serial_undead_d, basic_altar, serial_shops, shop,
          columned_hall_lemuel, uniq_joseph
Temple:   grunt_circular_temple_18
Bailey:   bailey_axe_4, bailey

Action                   |  1- 3 |  4- 6 |  7- 9 | 10-12 || total
-------------------------+-------+-------+-------+-------++-------
Melee: War axe           |    70 |   132 |   592 |    47 ||   841
Throw: Tomahawk          |       |       |     5 |       ||     5
Evoke: Wand              |       |     9 |    28 |       ||    37
  Use: Scroll            |     4 |     4 |    12 |       ||    20
       Potion            |     1 |     2 |     2 |     1 ||     6
  Eat: Bread ration      |     1 |     1 |     2 |       ||     4
       Beef jerky        |       |     1 |     2 |       ||     3
       Meat ration       |       |       |     1 |       ||     1
       Pizza             |       |       |     1 |       ||     1
